 Dungeon Crawl Stone Soup version 0.18-a0-1683-gf9322e6 (webtiles) character file.

1589 Chiseanne the Magician (level 8, -2/61 HPs)
             Began as a Demonspawn Wanderer on Apr 3, 2016.
             Was an Initiate of Gozag.
             Killed from afar by a gargoyle (19 damage)
             ... with a stone arrow
             ... on level 7 of the Dungeon.
             The game lasted 00:30:47 (8605 turns).

Chiseanne the Magician (Demonspawn Wanderer)        Turns: 8605, Time: 00:30:47

Health: -2/61      AC: 13    Str: 14    XL:     8   Next: 61%
Magic:  15/15      EV: 13    Int: 15    God:    Gozag
Gold:   33         SH:  2    Dex: 14    Spells: 4 memorised, 6 levels left

rFire  + + .     SeeInvis .     a - +1 spear "Reinn" {pierce, MR+ Int+2}
rCold  . . .     Gourm    .     C - +3 leather armour {rF+}
rNeg   . . .     Faith    .     (no shield)
rPois  +         Spirit   .     B - +2 helmet
rElec  .         Dismiss  .     (no cloak)
rCorr  .         Reflect  +     y - +0 pair of gloves
SustAt .         Harm     .     (no boots)
MR     +....                    e - +2 amulet of reflection
Stlth  ++........               d - ring of protection from fire
                                R - ring of poison resistance

@: somewhat resistant to hostile enchantments, unstealthy
A: thin metallic scales 2, rot immunity
a: Potion Petition, Call Merchant, Bribe Branch, Renounce Religion


You were on level 7 of the Dungeon.
You worshipped Gozag.
Gozag was noncommittal.
You were not hungry.

You visited 1 branch of the dungeon, and saw 8 of its levels.
You also visited: Sewer.

You collected 898 gold pieces.
You spent 350 gold pieces at shops.
You paid 515 gold pieces to Gozag.

Inventory:

Hand Weapons
 a - the +1 spear "Reinn" (weapon) {pierce, MR+ Int+2}
   (You found it on level 5 of the Dungeon)

   It inflicts extra damage upon your enemies.
   It affects your intelligence (+2).
   It affects your resistance to hostile enchantments.
 s - a +2 battleaxe of flaming
 w - a +0 blowgun
 T - a +0 flail of protection
Missiles
 g - 48 bolts
 j - 42 sling bullets
 k - 6 javelins (quivered)
 u - 3 curare-tipped needles
 v - 10 arrows of flame
 I - 15 poisoned needles
 M - 45 arrows
 N - 7 tomahawks
Armour
 y - a +0 pair of gloves (worn)
 B - a +2 helmet (worn)
 C - a +3 leather armour of fire resistance (worn)
 K - a +0 shield
Magical Staves
 O - an uncursed staff of wizardry
Jewellery
 d - a ring of protection from fire (right hand)
 e - a +2 amulet of reflection (around neck)
 o - an uncursed ring of ice
 E - the ring "Jarum" {rF- rC- MR+++ Str+2 SInv}
   (You found it on level 8 of the Dungeon)

   [ring of see invisible]

   It affects your strength (+2).
   It makes you vulnerable to fire.
   It makes you vulnerable to cold.
   It affects your resistance to hostile enchantments.
   It lets you see invisible.
 R - a ring of poison resistance (left hand)
Wands
 L - a wand of polymorph (0/24)
 S - a wand of random effects (27/48)
Scrolls
 i - a scroll of enchant armour
 n - 3 scrolls of remove curse
 p - 2 scrolls of fog
 x - 2 scrolls of amnesia
 A - a scroll of recharging
 G - a scroll of immolation
 P - a scroll of blinking
 Q - 2 scrolls of teleportation
Potions
 h - 3 potions of curing
 r - a potion of lignification
 t - a potion of magic
 z - a potion of cure mutation
 D - a potion of brilliance
 F - a potion of agility
 H - 5 potions of heal wounds
 J - 3 potions of flight
 U - a potion of haste
Books
 b - Iwkatedd's Papyrus of Black Arts

   Spells                             Type                      Level
   a - Animate Skeleton               Necromancy                   1
   b - Vampiric Draining              Necromancy                   3
 c - the Almanac of Venom

   Spells                             Type                      Level
   a - Sting                          Conjuration/Poison           1
   b - Mephitic Cloud                 Conjuration/Poison/Air       3
 q - a book of Necromancy

   Spells                             Type                      Level
   a - Pain                           Necromancy                   1
   b - Animate Skeleton               Necromancy                   1
   c - Vampiric Draining              Necromancy                   3
   d - Regeneration                   Charms/Necromancy            3
   e - Animate Dead                   Necromancy                   4
   f - Control Undead                 Necromancy                   4
Comestibles
 f - 6 bread rations
 l - 3 meat rations


   Skills:
 * Level 4.7 Fighting
   Level 1.0 Long Blades
 * Level 4.3 Armour
 * Level 4.0 Dodging
 - Level 1.7 Stealth
 * Level 4.9 Spellcasting
 - Level 2.1 Necromancy
 * Level 4.7 Poison Magic
 - Level 1.0 Evocations


You had 6 spell levels left.
You knew the following spells:

 Your Spells              Type           Power        Failure   Level  Hunger
a - Sting                 Conj/Pois      ##..         10%         1    None
b - Vampiric Draining     Necr           ##........   30%         3    ###....
c - Regeneration          Chrm/Necr      #.........   43%         3    ###....
d - Mephitic Cloud        Conj/Pois/Air  #.......     34%         3    ###....


Dungeon Overview and Level Annotations

Branches:
Dungeon (8/15)             Temple (0/1) D:4
   Lair: D:8-11

Altars:
Ashenzari
Gozag
Pakellas
Qazlal

Shops:
D:7 =


Innate Abilities, Weirdness & Mutations

You are mostly covered in thin metallic scales (AC +3).
You are immune to rotting.


Message History

Evoke which item? (* to show all) (? for menu, Esc to quit)
Zapping:
S - a wand of random effects (28/48)
Press: ? - help, Shift-Dir - straight line, f/p - gargoyle
Aim: a gargoyle, wielding a morningstar (moderately damaged, fast)
The gargoyle seems to slow down.
This wand has 27 charges left.
The gargoyle hurls a stone arrow at you.
The stone arrow hits you!
The gargoyle hurls a stone arrow at you.
The stone arrow hits you!
* * * LOW HITPOINT WARNING * * *
The gargoyle hurls a stone arrow at you.
The stone arrow misses you.
There is an open door here.
You see here 5 gold pieces.
You close the door.
You now have 33 gold pieces (gained 5).
A gargoyle opens the door.
The gargoyle hurls a stone arrow at you.
The stone arrow hits you!
You die...
Your body crumbles into a pile of gold.

...........
#........##..
..........#
#........##..
.##.......#
#.......###..
###.......# #########
#.. #.......# #..
###.......# #######..
.##.......###
#.....'..
.##.........#########
###'#####..
.##.........'9..@...#
#.......#.#
.##.....(...#######.#
#.......#.#
............# #.#
#.......#.#
###.........# #.#
#.......#.#
#.........# #.#
#.......#.#
#.......### #.#
#.........# #########
#.# ###'###.### #.#
#.# #.# #.# #.# #.#


You could see a gargoyle.

Vanquished Creatures
  A sky beast (D:7)
  An orc warrior (D:6)
  2 ogres
  A centaur (D:6)
  2 big kobolds (Sewer)
  A scorpion (D:7)
  3 crimson imps
  A centaur zombie (D:5)
  A quasit (D:5)
  A jelly (D:7)
  A centaur skeleton (D:7)
  3 orc priests (D:6)
  3 hounds
  Natasha (thrice) (D:4)
  2 iguanas
  6 orc wizards
  3 worker ants
  A howler monkey skeleton (D:6)
  Robin (D:4)
  4 gnolls
  3 adders
  2 oozes
  4 worms
  3 dart slugs
  3 giant geckos
  15 orcs
  2 giant cockroaches
  7 hobgoblins
  4 jackals (D:6)
  A quokka (D:5)
  5 ball pythons
  11 bats
  3 giant newts
  20 goblins
  15 kobolds
  A quokka skeleton (D:4)
  11 rats
151 creatures vanquished.

Notes
Turn   | Place    | Note
--------------------------------------------------------------
     0 | D:1      | Chiseanne the Demonspawn Wanderer began the quest for the Orb.
     0 | D:1      | Chiseanne set off with: a +2 falchion, Iwkatedd's Papyrus of Black Arts, the Almanac of Venom, a +0 robe, a +0 dagger, a bread ration
     0 | D:1      | Reached XP level 1. HP: 15/15 MP: 3/3
     2 | D:1      | Identified Iwkatedd's Papyrus of Black Arts
     2 | D:1      | Identified the Almanac of Venom
     4 | D:1      | Learned a level 1 spell: Sting
   354 | D:1      | Gained mutation: You are partially covered in thin metallic scales (AC +2). [demonic ancestry]
   354 | D:1      | Reached XP level 2. HP: 21/21 MP: 5/5
   885 | D:2      | Reached XP level 3. HP: 14/26 MP: 6/6
  1093 | D:2      | Reached skill level 1 in Dodging
  2037 | D:3      | Gained mutation: You are mostly covered in thin metallic scales (AC +3). [demonic ancestry]
  2037 | D:3      | Reached XP level 4. HP: 31/32 MP: 8/8
  2235 | D:3      | Reached skill level 1 in Armour
  3010 | D:3      | Found a stormy altar of Qazlal.
  3011 | D:3      | Found a shattered altar of Ashenzari.
  3167 | D:4      | Reached XP level 5. HP: 13/38 MP: 9/9
  3178 | D:4      | Noticed Robin
  3454 | D:4      | Noticed Natasha
  3467 | D:4      | Killed Natasha
  3837 | D:4      | Killed Robin
  4127 | D:4      | Noticed Natasha
  4134 | D:4      | Killed Natasha
  4163 | D:4      | Found an opulent altar of Gozag.
  4186 | D:4      | Became a worshipper of Gozag Ym Sagoz the Greedy
  4247 | D:4      | Found a staircase to the Ecumenical Temple.
  4258 | D:4      | Gained mutation: You are immune to rotting. [demonic ancestry]
  4258 | D:4      | Reached XP level 6. HP: 26/46 MP: 9/11
  4402 | D:4      | Noticed Natasha
  4410 | D:4      | Killed Natasha
  5032 | D:5      | Entered Level 5 of the Dungeon
  5151 | D:5      | Got a warped spear
  5152 | D:5      | Identified the cursed +1 spear "Reinn" {pierce, MR+ Int+2} (You found it on level 5 of the Dungeon)
  5259 | D:5      | Learned a level 3 spell: Vampiric Draining
  5263 | D:5      | Learned a level 3 spell: Mephitic Cloud
  5267 | D:5      | Learned a level 3 spell: Regeneration
  5588 | D:5      | Reached XP level 7. HP: 34/52 MP: 12/12
  5589 | D:5      | Found a glowing drain.
  5600 | Sewer    | Entered a sewer
  6495 | D:6      | Found an oddly glowing altar of Pakellas.
  7163 | D:6      | Reached XP level 8. HP: 48/60 MP: 1/14
  7819 | D:7      | You fall through a shaft!
  7958 | D:8      | Got a translucent turquoise ring
  7995 | D:7      | Identified the ring "Jarum" {rF- rC- MR+++ Str+2 SInv} (You found it on level 8 of the Dungeon)
  8329 | D:7      | Bought a +2 amulet of reflection for 350 gold pieces
  8538 | D:7      | Noticed a gargoyle
  8605 | D:7      | Killed from afar by a gargoyle

Vault maps used:
D:1:      lemuel_arrival_behind_the_door_small
D:3:      gammafunk_temple_overflow_pools, minmay_misc_feat_encased,
          serial_park_tiny_2
D:4:      nicolae_gozag_seed_capital, minmay_temple_entry_purple_smoke,
          first_bread, uniq_robin, uniq_natasha
D:5:      portal_sewer_entry_d
D:6:      grunt_pakellas_basics
D:8:      nicolae_ru_great_annihilating_truth, okawaru_metal_pillars_1_2,
          lemuel_crystal_altar
Sewer:    kennysheep_pipe_town

Skill      XL: |  1  2  3  4  5  6  7  8 |
---------------+-------------------------+-----
Dodging        | 1 2 3 4 |  4.0
Poison Magic   | 2 3 4 |  4.7
Armour         | 1 2 3 4 |  4.3
Fighting       | 2 3 4 |  4.7
Spellcasting   | 3 4 |  4.9
Long Blades    | |  1.0
Stealth        | |  1.7
Necromancy     | |  2.1
Evocations     | |  1.0

Action                   |  1- 3 |  4- 6 |  7- 9 || total
-------------------------+-------+-------+-------++-------
Melee: Falchion          |   127 |   203 |       ||   330
       Spear             |       |    67 |   337 ||   404
Throw: Javelin           |     3 |    16 |    17 ||    36
 Cast: Sting             |     3 |     3 |    49 ||    55
       Mephitic Cloud    |       |       |     9 ||     9
Invok: Call Merchant     |       |       |     1 ||     1
Evoke: Wand              |       |     5 |     9 ||    14
  Use: Scroll            |     5 |    12 |    11 ||    28
 Stab: Sleeping          |     1 |     1 |     2 ||     4
       Distracted        |       |     1 |       ||     1
       Confused          |       |       |     3 ||     3
  Eat: Chunk             |     4 |     7 |       ||    11
       Fruit             |       |     4 |       ||     4
       Royal jelly       |       |     1 |       ||     1
       Bread ration      |       |       |     3 ||     3
